 Dungeon Crawl Stone Soup version 0.27-a0-414-gbb19ded6d3 (webtiles) character file.

Game seed: 12766007994406044531

1523 wakim the Changer (level 8, -3/48 HPs)
             Began as an Octopode Transmuter on Feb 24, 2021.
             Was a Believer of Dithmenos.
             Killed from afar by an orc wizard (11 damage)
             ... with a puff of flame
             ... on level 7 of the Dungeon.
             The game lasted 00:24:32 (6529 turns).

wakim the Changer (Octopode Transmuter)             Turns: 6529, Time: 00:24:32

Health: -3/48      AC:  1    Str: 15    XL:     8   Next: 84%
Magic:  11/12      EV: 16    Int: 18    God:    Dithmenos [**....]
Gold:   384        SH:  0    Dex: 12    Spells: 12/13 levels left

rFire    . . .     SeeInvis .   b - +3 short sword (venom)
rCold    . . .     Faith    .   (no shield)
rNeg     . . .     Spirit   .   (helmet currently unavailable)
rPois    .         Reflect  .   n - amulet of regeneration
rElec    .         Harm     .   c - ring of resist corrosion
rCorr    +         Rampage  .   d - +6 ring of strength
Will     .....                  (no ring)
Stlth    +++.......             (no ring)
HPRegen  1.16/turn              (no ring)
MPRegen  0.13/turn              (no ring)
                                (no ring)
                                (no ring)

@: appendages, wreathed by umbra
A: almost no armour, stealthy swim, amphibious, 8 rings, constrict 8, tentacle
spike 3, camouflage 1, gelatinous body 1
a: End Transformation, Renounce Religion, Shadow Step


You were on level 7 of the Dungeon.
You worshipped Dithmenos.
Dithmenos was pleased with you.
One of your tentacles had a temporary spike.
You visited 2 branches of the dungeon, and saw 8 of its levels.
You also visited: Sewer.

You collected 384 gold pieces.

Inventory:

Hand Weapons
 b - a +3 short sword of venom (weapon)
Jewellery
 c - a ring of resist corrosion (left tentacle)
 d - a +6 ring of strength (right tentacle)
 n - an amulet of regeneration (around mantle)
Wands
 k - a wand of flame (16)
Scrolls
 a - 4 scrolls of amnesia
 l - a scroll of enchant weapon
 m - a scroll of magic mapping {unknown}
 o - 2 scrolls of identify
 p - a scroll of immolation {unknown}
 r - a scroll of vulnerability {unknown}
 s - a scroll of blinking
Potions
 e - 2 potions of haste
 f - 5 potions of brilliance {unknown}
 g - 9 potions of heal wounds
 h - 2 potions of ambrosia
 i - 2 potions of cancellation {unknown}
 j - 2 potions of might
 q - 6 potions of curing {unknown}
 t - 2 potions of flight {unknown}


   Skills:
 - Level 1.0 Fighting
 * Level 7.2 Dodging
 + Level 4.4 Unarmed Combat
 - Level 3.0 Spellcasting
 * Level 7.2 Transmutations


You had 12 spell levels left.
You knew the following spells:

 Your Spells              Type           Power        Failure   Level
a - Beastly Appendage     Tmut           56%          1%          1

Your spell library contained the following spells:

 Spells                   Type           Power        Failure   Level
 Wereblood                Tmut           28%          1%          2
 Spider Form              Tmut/Pois      7%           11%         3
 Animate Skeleton         Necr           4%           16%         1
 Apportation              Tloc           4%           16%         1
 Corona                   Hex            2%           16%         1
 Summon Small Mammal      Summ           8%           16%         1
 Blade Hands              Tmut           14%          22%         5
 Ice Form                 Ice/Tmut       15%          36%         4


Dungeon Overview and Level Annotations

Branches:
Dungeon (7/15)             Temple (1/1) D:7           Sewer (visited)

Altars:
Ashenzari
Cheibriados
Dithmenos
Elyvilon
Fedhas
Gozag
Hepliaklqana
Kikubaaqudgha
Makhleb
Nemelex Xobeh
Okawaru
Qazlal
Ru
Sif Muna
Trog
Uskayaw
Vehumet
Wu Jian
Xom
Yredelemnul
Zin
The Shining One

Shops:
D:5 :   D:6 [

Annotations:
D:4 exclusion: sky beast


Innate Abilities, Weirdness & Mutations

You cannot wear most types of armour.
You are very stealthy in the water. (Stealth+)
You are amphibious.
You can wear up to eight rings at the same time.
You can use your tentacles to constrict eight enemies at once.
Your skin changes colour to match your surroundings (Stealth+).
Your rubbery body absorbs attacks. (AC +1, EV +1)
One of your tentacles bears a large vicious spike.


Message History

Your grab misses the leopard gecko.
The leopard gecko is severely wounded.
The leopard gecko bites you. The leopard gecko closely misses you.
You hit the leopard gecko.
You kill the leopard gecko!
Dithmenos accepts your kill.
a - 4 scrolls of amnesia (gained 1)
An orc wizard comes into view. It is wielding a +0 dagger.
An orc wizard is nearby!
An orc comes into view. It is wielding a +0 trident.
The orc shouts!
You hear a shout!
The orc wizard shouts!
An orc priest comes into view. It is wielding a +3 trident.
The orc priest moves out of view.
An orc warrior comes into view. It is wielding a +0 glaive.
The orc warrior moves out of view.
One of your tentacles grows a vicious spike.
The orc completely misses you.
The orc priest mumbles some strange prayers to Beogh against you.
Beogh smites you!
You hit the orc. You grab the orc.
You pierce the orc.
You kill the orc!
Dithmenos accepts your kill.
The orc priest mumbles some strange prayers to Beogh against you.
Pain shoots through your body!
The orc wizard gestures at you while chanting.
The puff of flame hits you!
* * * LOW HITPOINT WARNING * * *
The orc priest hits you but does no damage.
The orc wizard hits you but does no damage.
Things that are here:
a +0 trident; an orc corpse You puncture the orc priest!
You grab the orc priest.
The orc priest is heavily wounded.
You constrict the orc priest.
The orc priest calls down the wrath of Beogh upon you.
Beogh smites you!
* * * LOW HITPOINT WARNING * * *
The orc wizard casts a spell at you. The puff of flame hits you!
You die...

o.. ..#
#########o..#
#...@o......#
#####.###o.#....#
#.............#.#
....###.##........#
.# #.##...##.#.
#.##........# ###
#......###### ..
###...## ###..
#...#


You could see an orc warrior, an orc priest and an orc wizard.

Vanquished Creatures
  A water moccasin (D:6)
  An ice beast (D:7)
  A black bear (D:6)
  A centaur (D:6)
  A phantom (D:6)
  4 bullfrogs (D:6)
  A scorpion (D:5)
  A howler monkey (D:7)
  A bullfrog zombie (D:5)
  2 hounds
  2 bullfrog skeletons
  2 orc priests
  A jelly (D:6)
  Jessica (D:3)
  2 iguanas
  Natasha (twice) (D:2)
  2 orc wizards (D:5)
  A howler monkey zombie (D:5)
  2 worker ant zombies
  11 adders
  A white imp (D:3)
  An ufetubus (D:5)
  4 oozes
  An adder zombie (D:5)
  3 worms (D:6)
  2 dart slugs
  4 leopard geckos
  19 orcs
  3 giant cockroaches
  14 goblins
  4 hobgoblins
  5 jackals
  25 kobolds
  2 quokkas
  8 ball pythons
  12 bats
  5 frilled lizards
  9 rats
162 creatures vanquished.

Vanquished Creatures (others)
  2 plants (D:7)
2 creatures vanquished.

Grand Total: 164 creatures vanquished

Notes
Turn   | Place    | Note
-------+----------+-------------------------------------------
     0 | D:1      | wakim the Octopode Transmuter began the quest for the Orb.
     0 | D:1      | Reached XP level 1. HP: 13/13 MP: 3/3
   172 | D:1      | Reached XP level 2. HP: 17/18 MP: 3/5
   777 | D:1      | Reached XP level 3. HP: 20/23 MP: 4/6
  1308 | D:2      | Reached XP level 4. HP: 28/28 MP: 5/7
  1349 | D:2      | Noticed Natasha
  1361 | D:2      | Killed Natasha
  1768 | D:2      | Noticed Natasha
  1857 | D:2      | Killed Natasha
  1858 | D:2      | Reached XP level 5. HP: 24/33 MP: 7/9
  2603 | D:3      | Noticed Jessica
  2618 | D:3      | Killed Jessica
  2736 | D:3      | Found a sparkling altar of Nemelex Xobeh.
  3026 | D:3      | Reached XP level 6. HP: 38/38 MP: 8/10
  3876 | D:4      | Noticed a sky beast
  4525 | D:5      | Entered Level 5 of the Dungeon
  4670 | D:5      | Found Waxiymer's Book Shop.
  4752 | D:5      | Reached XP level 7. HP: 39/43 MP: 9/11
  4758 | D:5      | Reached skill level 5 in Transmutations
  4882 | D:5      | Found a bloodstained altar of Trog.
  4882 | D:5      | Found a shimmering altar of Xom.
  4890 | D:5      | Found a radiant altar of Vehumet.
  4898 | D:5      | Reached skill level 5 in Dodging
  4898 | D:5      | Found a stormy altar of Qazlal.
  4900 | D:5      | Found a shadowy altar of Dithmenos.
  4911 | D:5      | Became a worshipper of Dithmenos the Shadowed
  5511 | D:6      | Reached XP level 8. HP: 44/48 MP: 10/12
  5607 | D:6      | Found Ufuwk's Armour Shop.
  5630 | D:6      | Reached * piety under Dithmenos
  5766 | D:6      | Found a glowing drain.
  5788 | Sewer    | Entered a sewer
  6175 | D:7      | Found a staircase to the Ecumenical Temple.
  6186 | Temple   | Entered the Ecumenical Temple
  6452 | D:7      | Reached ** piety under Dithmenos
  6529 | D:7      | Killed from afar by an orc wizard

Illustrated notes

Levels and vault maps discovered:
D:1:      ebering_trefoil_3fold, layout_rooms, minmay_pentomino_q4
D:2:      layout_rooms, feat_on_display, uniq_natasha
D:3:      layout_loops_corners, nemelex_xobeh_ov_fountains_minmay, uniq_jessica
D:4:      layout_layer_cave
D:5:      layout_rooms, chequers_temple_overflow_minitemple, serial_shops,
          nicolae_shop_trees, grunt_decor_one_mirror
D:6:      layout_basic, cheibrodos_sewer_entry_bend, serial_shops,
          nicolae_shop_stone
D:7:      layout_loops_cross, minmay_temple_entry_grid, serial_bayou,
          serial_bayou_pond_d, serial_bayou_shore_b, serial_bayou_crossing,
          serial_bayou_pond_b, hangedman_abyss_or_decor_stabs,
          nicolae_ru_sacrificial_ziggurat
Temple:   nicolae_temple_elliptical

Skill      XL: |  1  2  3  4  5  6  7  8 |
---------------+-------------------------+-----
Transmutations | 3 4 6 7 |  7.2
Dodging        | 3 4 6 7 |  7.2
Spellcasting   | 3 |  3.0
Unarmed Combat | 4 |  4.4
Fighting       | |  1.0

Action                   |  1- 3 |  4- 6 |  7- 9 || total
-------------------------+-------+-------+-------++-------
Melee: Unarmed           |    57 |       |       ||    57
       Constrict         |    20 |    34 |    43 ||    97
       Tentacles         |    12 |    17 |    27 ||    56
       Kick              |     6 |    23 |    52 ||    81
       Short sword       |    14 |   118 |   158 ||   290
       Punch             |       |     2 |     2 ||     4
 Cast: Beastly Appendage |    16 |    29 |    26 ||    71
  Use: Scroll            |       |    12 |       ||    12
 Stab: Sleeping          |     4 |     2 |     7 ||    13
Armor: Skin              |     7 |     7 |     7 ||    21
Dodge: Dodged            |    36 |    85 |   106 ||   227

Table legend: (Time is in decaauts)
 A = Elapsed time spent in this place.
 B = Non-inter-level travel time spent in this place.
 C = Inter-level travel time spent in this place.
 D = Time resting spent in this place.
 E = Time spent auto-exploring this place.
 F = Levels seen in this place.
 G = Mean time per level.
                   A        B        C        D        E       F      G
               +--------+--------+--------+--------+--------+-----+--------+
         Total |   6566 |   6447 |    119 |   1676 |   3550 |   9 |  729.6 |
       Dungeon |   6149 |   6057 |     92 |   1676 |   3265 |   7 |  878.4 |
        Temple |    169 |    142 |     27 |      0 |    141 |   1 |  169.0 |
         Sewer |    247 |    247 |      0 |      0 |    144 |   1 |  247.0 |
               +--------+--------+--------+--------+--------+-----+--------+

Top non-repeatable levels by time:
     D:4: 1301 daAuts
     D:3: 1222 daAuts
     D:1: 1191 daAuts
     D:2: 829 daAuts
     D:5: 752 daAuts
     D:6: 651 daAuts
   Sewer: 247 daAuts
     D:7: 199 daAuts
  Temple: 169 daAuts
